AoeStats
← cisi1982

Four Lakes

509843936Analyzed
1v1 RM · 4d ago on Sep 28, 2026· 57m 33s· 2 players
Game mode
Random Map
Map size
Tiny (2 player)
Population
200
Speed
Normal
Resources
Standard
Victory
Conquest
Starting age
Dark Age
Ending age
Imperial Age
RankedLock teamsTeams togetherTeam positionsShared explorationLock speedFull tech treeHidden civsTurbo modeCheats
Victory
Defeat
🇨🇿 Huns · Czechia
905
+17
928
-17
cisi1982
9:58 Feudal Age
10:09 Loom
11:02 Double-Bit Axe
20:54 Castle Age
20:02 Fletching
20:12 Padded Archer Armor
20:54 Bloodlines
22:33 Husbandry
25:38 Thumb Ring
25:56 Light Cavalry
31:05 Scale Barding Armor
32:15 Bodkin Arrow
39:13 Leather Archer Armor
44:12 Imperial Age
42:23 Horse Collar
44:00 Marauders
45:52 Ballistics
48:02 Atheism
49:15 Parthian Tactics
50:44 Hussar
51:57 Cavalier
53:17 Forging
53:28 Chain Barding Armor
54:18 Chemistry
53:51 Heavy Cavalry Archer
54:55 Elite Tarkan
56:22 Bracer
56:58 Plate Barding Armor
56:10 Town Watch
58:41 Iron Casting
Fritz Flabbergasted Blitz
10:32 Feudal Age
10:44 Man-at-Arms
12:26 Forging
13:08 Arson
14:58 Fishing Lines
15:37 Double-Bit Axe
21:18 Castle Age
19:30 Loom
21:27 Scale Mail Armor
22:29 Chain Mail Armor
21:59 Long Swordsman
22:46 Squires
24:10 Wheelbarrow
25:22 Iron Casting
24:49 Padded Archer Armor
24:54 Gambesons
26:23 Bow Saw
26:52 Leather Archer Armor
26:43 Elite Skirmisher
27:26 Fletching
29:11 Thumb Ring
30:27 Iron Casting
29:52 Pikeman
32:57 Gold Mining
35:58 Gillnets
39:16 Imperial Age
38:40 Bodkin Arrow
39:29 Capped Ram
39:35 Two-Handed Swordsman
43:13 Two-Man Saw
44:43 Hand Cart
45:30 Bracer
47:25 Conscription
49:01 Blast Furnace
49:19 Halberdier
52:59 Stone Mining
55:30 Gold Shaft Mining
57:00 Champion
Connection lost

Rejoining the realm…

Still unreachable

The connection could not be restored.

Session expired

The server has moved on; the page needs a fresh start.